 Dungeon Crawl Stone Soup version 0.30.0-5-g1a98f26d00 (webtiles) character file.

Game seed: 7293228070456650809

9871 qeuew the Protected (level 11, 0/95 HPs)
             Began as a Minotaur Fighter on May 10, 2023.
             Was an Initiate of Gozag.
             Slain by a red draconian
             ... wielding a +2 halberd of flaming
              (4 damage)
             ... in a volcano.
             The game lasted 00:11:21 (9823 turns).

qeuew the Protected (Minotaur Fighter)              Turns: 9823, Time: 00:11:31

Health: 0/95       AC: 19    Str: 31    XL:     11   Next: 28%
Magic:  10/10      EV: 13    Int:  5    God:    Gozag
Gold:   1172       SH:  8    Dex: 19    Spells: 10/10 levels left

rFire   . . .        w - +2 morningstar "Lawkine" {freeze, *Slow Fly Str+9}
rCold   . . .        c - +1 buckler
rNeg    . . .        y - +3 chain mail
rPois   .            (helmet restricted)
rElec   .            (no cloak)
rCorr   .            (no gloves)
SInv    .            (no boots)
Will    .....        (no amulet) Stlth
                     g - +6 ring of dexterity
HPRegen 0.35/turn    u - +4 ring of protection
MPRegen 0.12/turn

%: slow self (1%)
@: gold aura, flying, invisible
A: horns 2, retaliatory headbutt
a: Renounce Religion, Potion Petition, Call Merchant, Bribe Branch


You were in a volcano.
You worshipped Gozag.
Gozag was most pleased with you.
You visited 3 branches of the dungeon, and saw 11 of its levels.
You also visited: Sewer, Ossuary and Volcano.

You collected 1845 gold pieces.
You spent 567 gold pieces at shops.
You paid 106 gold pieces to Gozag.

Inventory:

Hand Weapons
 w - the +2 morningstar "Lawkine" (weapon) {freeze, *Slow Fly Str+9}
   (You bought it in a shop on level 4 of the Dungeon)

   Str:       It affects your strength (+9).
   Fly:       It grants you flight.
   *Slow:     It may slow you when you take damage.
Armour
 c - a +1 buckler (worn)
 y - a +3 chain mail (worn)
Jewellery
 g - a +6 ring of dexterity (left hand)
 u - a +4 ring of protection (right hand)
 z - a ring of resist corrosion
Wands
 b - a wand of flame (10)
 l - a wand of digging (4)
 p - a wand of polymorph (3)
 t - a wand of charming (4)
 x - a wand of acid (8)
Scrolls
 a - a scroll of magic mapping
 f - a scroll of enchant weapon
 k - 3 scrolls of fog
 m - 4 scrolls of fear
 o - 3 scrolls of teleportation
 r - a scroll of brand weapon
 s - 3 scrolls of blinking
 v - 5 scrolls of identify
Potions
 d - a potion of might
 e - 3 potions of invisibility
 h - 2 potions of heal wounds
 i - a potion of resistance
 j - 5 potions of haste
 q - 10 potions of curing


   Skills:
 + Level 8.7 Fighting
 - Level 3.9(7.1) Axes
 * Level 9.2(9.6) Maces & Flails
 * Level 11.7 Armour
 + Level 7.1 Dodging
 + Level 8.6 Shields
 + Level 5.3 Evocations


You had 10 spell levels left.
You didn't know any spells.
Your spell library contained the following spells:

 Spells                   Type           Power      Damage    Failure   Level
 Freeze                   Ice            0%         1d3       87%         1
 Blink                    Tloc           0%         N/A       95%         2
 Cigotuvi's Dreadful Rot  Necr/Pois/Air  0%         N/A       95%         2
 Lesser Beckoning         Tloc           0%         N/A       95%         2
 Momentum Strike          Conj/Tloc      0%         3d8       95%         2
 Frozen Ramparts          Ice            0%         1d1       99%         3
 Hailstorm                Conj/Ice       0%         3d3       99%         3
 Ignite Poison            Fire/Tmut/Pois 0%         N/A       99%         3
 Freezing Cloud           Conj/Ice/Air   0%         6-21      100%        5
 Chain Lightning          Conj/Air       0%         N/A       100%        9
 Fire Storm               Conj/Fire      0%         5d1       100%        9
 Shatter                  Erth           0%         3d5*      100%        9


Dungeon Overview and Level Annotations

Branches:
Dungeon (9/15)             Temple (1/1) D:5            Lair (1/5) D:9
  Sewer (visited)         Ossuary (visited)         Volcano (1/1)
    Orc: D:9-12

Altars:
Ashenzari
Cheibriados
Dithmenos
Elyvilon
Fedhas
Gozag
Kikubaaqudgha
Makhleb
Qazlal
Trog
Vehumet
Wu Jian
Xom
Zin
The Shining One

Shops:
D:1 ?   D:4 (*[!   D:5 !

Annotations:
D:9 exclusion: obsidian statue


Innate Abilities, Weirdness & Mutations

You have a pair of horns on your head.
You reflexively headbutt those who attack you in melee.


Message History

You catch the helpless molten gargoyle completely off-guard!
You puncture the molten gargoyle! You freeze the molten gargoyle.
You headbutt the molten gargoyle, but do no damage.
The molten gargoyle is heavily damaged.
In the distance, the volcano erupts with a roar.
You block the molten gargoyle's attack.
You sock the molten gargoyle! You freeze the molten gargoyle.
You destroy the molten gargoyle!
You puncture the red draconian! You freeze the red draconian.
Your headbutt misses the red draconian.
The red draconian is lightly wounded.
The red draconian is engulfed in blazing flames.
The red draconian hits you with a +2 halberd of flaming.
The red draconian burns you.
You hit the red draconian but do no damage.
The red draconian is lightly wounded.
The red draconian closely misses you.
You bludgeon the red draconian!!
The red draconian seems to slow down.
You freeze the red draconian.
The red draconian is moderately wounded.
You block the red draconian's attack.
You bludgeon the red draconian!! You freeze the red draconian!
You headbutt the red draconian!
The red draconian is severely wounded.
The red draconian hits you with a +2 halberd of flaming!
* * * LOW HITPOINT WARNING * * *
The red draconian burns you.
* * * LOW HITPOINT WARNING * * *
You catch the helpless red draconian completely off-guard!
You hit the red draconian but do no damage.
You headbutt the red draconian.
The red draconian is almost dead.
The red draconian is no longer moving slowly.
You completely miss the red draconian. You headbutt the red draconian!
The red draconian is almost dead.
The red draconian hits you with a +2 halberd of flaming!
* * * LOW HITPOINT WARNING * * *
The red draconian burns you.
You die...
Your body crumbles into a pile of gold.

##...# #.#
##### ##)##
##.).## ####
#.....# ...#
$ #..∩..#
[$)## $ $
#.....# $!$.#
$ ###'###
)$$.#
###...###...#
+.....@d'...#
###8_8#######
#...# #####


You could see a red draconian (unable to see you).

Vanquished Creatures
  Harold (D:9)
  A two-headed ogre (D:8)
  A salamander mystic (Volcano)
  3 salamanders (Volcano)
  A molten gargoyle (Volcano)
  A komodo dragon (Lair:1)
  A hornet (D:7)
  Sigmund (D:2)
  A shadow (D:9)
  2 wyverns
  6 fire bats (Volcano)
  A yak (D:5)
  4 steam dragons
  Menkaure (D:5)
  A water moccasin (D:9)
  Edmund (D:6)
  Duvessa (D:5)
  A black bear (D:6)
  An ice beast (D:7)
  A sky beast (D:7)
  A hornet zombie (Ossuary)
  2 centaurs (D:9)
  2 phantoms (D:4)
  2 kobold brigands
  Blork the orc (D:6)
  3 scorpions
  A bullfrog (D:6)
  A wyvern zombie (Ossuary)
  An elf skeleton (D:7)
  A water moccasin zombie (Ossuary)
  5 wights (D:7)
  Dowan (D:5)
  6 killer bees (D:8)
  A howler monkey (D:8)
  6 lava snakes (Volcano)
  4 centaur zombies (Ossuary)
  7 bullfrog zombies (Ossuary)
  A human zombie (D:7)
  4 jellies
  A gnoll bouda (D:7)
  3 hounds
  3 orc priests
  4 sleepcaps
  Jessica (D:2)
  A human skeleton (D:7)
  5 orc wizards
  A killer bee zombie (Ossuary)
  A howler monkey zombie (Ossuary)
  11 mummies (Ossuary)
  Robin (D:3)
  6 gnolls
  10 adders
  2 shadow imps (D:7)
  2 white imps
  4 ufetubi
  3 worms
  4 dart slugs
  26 orcs
  9 ball pythons
  7 bats
  5 endoplasms
  7 giant cockroaches
  13 goblins
  12 hobgoblins
  6 jackals
  3 quokkas
  3 frilled lizards
  24 kobolds
  2 orc skeletons (D:7)
  An orc zombie (D:7)
  6 rats
268 creatures vanquished.

Notes
Turn   | Place    | Note
-------+----------+-------------------------------------------
     0 | D:1      | qeuew the Minotaur Fighter began the quest for the Orb.
     0 | D:1      | Reached XP level 1. HP: 19/19 MP: 0/0
    48 | D:1      | Reached XP level 2. HP: 27/27 MP: 1/1
   133 | D:1      | Reached skill level 4 in Armour
   337 | D:1      | Found Tiley's Magic Scroll Shop.
   659 | D:1      | Reached XP level 3. HP: 33/33 MP: 2/2
   821 | D:2      | Noticed Jessica
   827 | D:2      | Noticed Sigmund
   829 | D:2      | Killed Jessica
   830 | D:2      | Reached skill level 1 in Dodging
   836 | D:2      | Killed Sigmund
   837 | D:2      | Reached skill level 5 in Armour
   837 | D:2      | Reached XP level 4. HP: 41/41 MP: 3/3
   837 | D:2      | Reached XP level 5. HP: 47/47 MP: 4/4
  1336 | D:3      | Found a glowing golden altar of the Shining One.
  1455 | D:3      | Reached XP level 6. HP: 53/53 MP: 5/5
  1502 | D:3      | Noticed Robin
  1510 | D:3      | Killed Robin
  1588 | D:3      | Found an ornate altar of the Wu Jian Council.
  2000 | D:4      | Found Juetefid's Weapon Shoppe.
  2016 | D:4      | Found an ancient bone altar of Kikubaaqudgha.
  2028 | D:4      | Reached skill level 6 in Armour
  2104 | D:4      | Found Faoduoxi's Antique Armour Shoppe.
  2180 | D:4      | Found Faylorgh's Distillery.
  2207 | D:4      | Bought a potion of degeneration for 13 gold pieces
  2274 | D:4      | Found Ticyred's Assorted Antiques.
  2299 | D:4      | Found Luh Qaoc's Armour Emporium.
  2448 | D:4      | Reached skill level 5 in Fighting
  2448 | D:4      | Reached skill level 1 in Maces & Flails
  2454 | D:4      | Reached skill level 5 in Shields
  2454 | D:4      | Reached skill level 1 in Evocations
  2454 | D:4      | Reached XP level 7. HP: 48/61 MP: 6/6
  2510 | D:5      | Entered Level 5 of the Dungeon
  2510 | D:5      | Noticed Menkaure
  2519 | D:5      | Killed Menkaure
  2714 | D:5      | Found a stormy altar of Qazlal.
  2984 | D:5      | Reached skill level 7 in Armour
  2994 | D:5      | Noticed Dowan
  2997 | D:5      | Noticed Duvessa
  3048 | D:5      | Killed Dowan
  3193 | D:5      | Killed Duvessa
  3194 | D:5      | Reached XP level 8. HP: 70/70 MP: 7/7
  3409 | D:5      | Found Abokkaem's Distillery.
  3441 | D:5      | Found a staircase to the Ecumenical Temple.
  3583 | Temple   | Entered the Ecumenical Temple
  3720 | Temple   | Became a worshipper of Gozag Ym Sagoz the Greedy
  4310 | D:6      | Reached skill level 8 in Armour
  4324 | D:6      | Found a glowing drain.
  4333 | D:6      | Noticed Blork the orc
  4341 | D:6      | Killed Blork the orc
  4372 | Sewer    | Entered a sewer
  4930 | D:6      | Noticed Edmund
  4937 | D:6      | Killed Edmund
  5668 | D:4      | Bought the +2 morningstar "Lawkine" {freeze, *Slow Fly
                  | Str+9} for 554 gold pieces
  5744 | D:7      | Reached XP level 9. HP: 70/78 MP: 8/8
  5888 | D:7      | Found a shimmering altar of Xom.
  5911 | D:7      | Reached skill level 5 in Maces & Flails
  5911 | D:7      | Reached skill level 9 in Armour
  5919 | D:7      | Reached skill level 5 in Dodging
  6038 | D:7      | Found a sand-covered staircase.
  6045 | Ossuary  | Entered an ossuary
  6860 | D:7      | Reached skill level 10 in Armour
  6860 | D:7      | Reached XP level 10. HP: 76/86 MP: 9/9
  7352 | D:8      | Found a burning altar of Makhleb.
  7465 | D:8      | Noticed a two-headed ogre
  7470 | D:8      | Killed a two-headed ogre
  7694 | D:8      | Found a glowing silver altar of Zin.
  7967 | D:9      | Found a staircase to the Lair.
  8207 | D:9      | Found a radiant altar of Vehumet.
  8285 | D:9      | Noticed an obsidian statue
  8335 | D:9      | Noticed Harold
  8349 | D:9      | Killed Harold
  8362 | D:9      | Reached skill level 11 in Armour
  8998 | Lair:1   | Entered Level 1 of the Lair of Beasts
  9024 | Lair:1   | Found a dark tunnel.
  9035 | Volcano  | Entered a volcano
  9111 | Volcano  | Reached skill level 5 in Evocations
  9292 | Volcano  | Reached XP level 11. HP: 95/95 MP: 10/10
  9559 | Volcano  | Found a radiant altar of Vehumet.
  9559 | Volcano  | Noticed a salamander mystic
  9575 | Volcano  | Killed a salamander mystic
  9806 | Volcano  | Noticed a red draconian
  9823 | Volcano  | HP: 4/95 [red draconian/+2 halberd of flaming (11)]
  9823 | Volcano  | Slain by a red draconian

Illustrated notes

Levels and vault maps discovered:
D:1:      scummos_arrival_checkerplants, layout_loops_ring, serial_shops,
          nicolae_shop_back_alley_shop, kennysheep_crisscross
D:2:      layout_rooms, minmay_quantized, uniq_jessica, uniq_sigmund
D:3:      layout_basic, nicolae_wu_jian_wuxing_cycle, overflow_temple_1_default,
          serial_glass, glass_columns_a, glass_columns_b, glass_columns_b,
          glass_columns_b, glass_columns_b, glass_columns_a, uniq_robin
D:4:      layout_rooms, kiku_gazebo_garden_becter, serial_shops,
          kennysheep_mini, nicolae_shop_overgrown_old_shop, shop,
          kennysheep_little_box, shop
D:5:      minmay_chambers_of_fours, layout_loops_ring,
          nicolae_qazlal_scattered_showers, lemuel_temple_firewalk_b,
          serial_shops, nicolae_shop_just_a_little_nook, serial_bayou_ford_a,
          uniq_menkaure, uniq_duvessa
D:6:      layout_layer_cave, gup_sewer_entry_glass, uniq_blork_the_orc,
          uniq_edmund
D:7:      layout_cave_pools, mainiacjoe_overflow_paths,
          nicolae_ossuary_entry_catacombs
D:8:      layout_gridville, bloody_makhleb, zin_scriptorium
D:9:      layout_basic, nicolae_vehumet_altar_sigil, lair_entry_dummy,
          minivault_16, uniq_harold
Temple:   nicolae_temple_figure_eight
Lair:1:   layout_chaotic_city, enter_volcano_1
Volcano:  volcano_grotto [vgs_original]

Skill      XL: |  1  2  3  4  5  6  7  8  9 10 11 |
---------------+----------------------------------+-----
Armour         | 4 5 6 7 8 10 11 | 11.7
Shields        | 4 5 6 7 8 |  8.6
Fighting       | 4 5 6 7 8 |  8.7
Axes           | 3 |  3.9
Dodging        | 2 3 4 5 6 7 |  7.1
Maces & Flails | 1 2 4 6 8 9 |  9.2
Evocations     | 1 2 3 4 5 |  5.3

Action                     |  1- 3 |  4- 6 |  7- 9 | 10-12 || total
---------------------------+-------+-------+-------+-------++-------
  Melee: War axe           |    55 |   101 |   161 |       ||   317
         Headbutt          |     7 |    17 |    61 |    38 ||   123
         Morningstar       |       |       |   145 |   155 ||   300
    Use: Scroll            |     5 |     5 |     4 |     4 ||    18
         Potion            |     5 |     2 |     1 |     5 ||    13
   Stab: Distracted        |       |       |     2 |     2 ||     4
         Invisible         |       |       |       |     3 ||     3
 Armour: Scale mail        |    28 |    45 |   100 |     4 ||   177
         Chain mail        |       |       |       |    66 ||    66
  Dodge: Dodged            |    19 |    44 |   150 |    92 ||   305
  Block: Buckler           |    12 |    37 |   113 |    70 ||   232
